 Dungeon Crawl Stone Soup version 0.31-a0-803-g95b03c3367 (webtiles) character file.

Game seed: 17070099486751690815

32 MackTheKnife the Grasshopper (level 3, 16/16 HPs)
             Began as a Felid Wanderer on Sept 20, 2023.
             Was a Follower of Fedhas.
             Quit the game on level 2 of the Dungeon.
             The game lasted 00:01:24 (634 turns).

MackTheKnife the Grasshopper (Felid Wanderer)        Turns: 634, Time: 00:01:24

Health: 16/16      AC:  1    Str: 11    XL:     3   Next: 8%
Magic:  5/5        EV: 16    Int: 22    God:    Fedhas [*.....]
Gold:   31         SH:  0    Dex: 11    Spells: 3/4 levels left
                                        Lives:  0   Deaths: 1

rFire   . .          .
                       - Unarmed
rCold   . . .        (shield unavailable)
rNeg    + . .        (body armour unavailable)
rPois   .            (helmet unavailable)
rElec   .            (cloak unavailable)
rCorr   .            (gloves unavailable)
SInv    +            (boots unavailable)
Will    .....        (no amulet)
Stlth   ++           f - +6 ring of intelligence
HPRegen 0.22/turn    g - ring of positive energy
MPRegen 0.09/turn

%: no passive effects
@: quick
A: very small, claws 1, fangs 3, see invisible, speed 1, shaggy fur 1, stealthy
paws, no weapons or thrown items, no armour, multi-lived
a: Renounce Religion


You were on level 2 of the Dungeon.
You worshipped Fedhas.
Fedhas was aware of your devotion.
You visited 1 branch of the dungeon, and saw 2 of its levels.

You collected 55 gold pieces.
You spent 24 gold pieces at shops.


Innate Abilities, Weirdness & Mutations

You have sharp claws.
You have razor-sharp teeth.
You have supernaturally acute eyesight. (SInv)
You cover ground quickly. (Speed+)
You are covered in fur. (AC +1)
Your paws help you pounce on unaware monsters.
You are incapable of wielding weapons or throwing items.
You cannot wear armour.
You gain extra lives every three experience levels.


   Skills:
 - Level 2.0 Fighting
 - Level 1.1 Dodging
 + Level 3.5 Stealth
 - Level 1.3 Unarmed Combat
 - Level 1.0 Spellcasting
 - Level 5.8 Translocations
 - Level 2.1 Evocations


You had 3 spell levels left.
You knew the following spells:

 Your Spells              Type           Power      Damage    Failure   Level
a - Apportation           Tloc           52%        N/A       1%          1

Your spell library contained the following spells:

 Spells                   Type           Power      Damage    Failure   Level
 Iskenderun's Mystic Bla  Conj/Tloc      13%        2d5       41%         4
 Vhi's Electric Charge    Tloc/Air       26%        N/A       41%         4

Inventory:

Jewellery
 f - a +6 ring of intelligence (left paw)
   (You found it on level 1 of the Dungeon)
 g - a ring of positive energy (right paw)
   (You found it on level 1 of the Dungeon)
Scrolls
 a - a scroll of silence {!r}
 b - a scroll of fog
 d - a scroll of teleportation {@r4}
 e - a scroll of amnesia {unknown}
Potions
 c - 2 potions of heal wounds {@q2}

Dungeon Overview and Level Annotations

Branches:
Dungeon (2/15) Zot: 17463

Altars:
Fedhas

Shops:
D:1

(? .#
# # .#
.. #.
#$ #.
#.##
#.@#
##>..#
#.###
#.#
#.#
#.#
#.#
..#


There were no monsters in sight!


Message History

This altar belongs to (a) Yredelemnul, (b) Ashenzari or (c) Fedhas, but you can't tell which.
Press the corresponding letter to learn more about a god, or press enter to convert or escape to cancel.
Fedhas accepts your prayer! Fedhas welcomes you!
The plants of the dungeon cease their hostilities.
Unknown command.
Press < or > to pray at altars.
Done exploring.
Done exploring.
Done exploring.
Done exploring.
Done exploring.
Done exploring.
Done exploring.
What level of the Dungeon? (default 1, ? - help)
You open the door.
There is an open door here.
You open the door.
There is an open door here.
There is a stone staircase leading down here.
You climb downwards.
There is a stone staircase leading up here.
There are monsters nearby!
There are monsters nearby!
There are monsters nearby!
You barely miss the giant cockroach.
The giant cockroach bites you but does no damage.
You barely miss the giant cockroach. Your bite misses the giant cockroach.
A bat comes into view.
The giant cockroach misses you.
You closely miss the giant cockroach. You bite the giant cockroach.
The giant cockroach bites you but does no damage.
You barely miss the giant cockroach.
The giant cockroach completely misses you.
You scratch the giant cockroach.
You kill the giant cockroach!
Fedhas appreciates your contribution to the ecosystem.
The bat misses you. The bat closely misses you.
You scratch the bat. The bat barely misses you.
You scratch the bat but do no damage. The bat misses you.
An adder comes into view.
Found a stone staircase leading down.
The bat hits you but does no damage. The bat barely misses you.
You closely miss the bat. The bat misses you. The bat hits you.
You see here a giant cockroach corpse. 😕 HP[-1]
You take 1 damage, and now have 15/16 hp.
The bat closely misses you.
You barely miss the bat.
The kobold shouts!
You hear an angry hiss.
The bat misses you. x2; The bat closely misses you.
The kobold throws a stone.
The stone completely misses you.
You closely miss the bat.
The adder hisses angrily.
The bat hits you.
A ball python comes into view.
The bat closely misses you. 😕 HP[-1]
You take 1 damage, and now have 14/16 hp.
You closely miss the bat. Your bite misses the bat. The bat closely misses you.
The bat hits you.
You scratch the bat.
You kill the bat!
Fedhas appreciates your contribution to the ecosystem.
You barely miss the ball python. The ball python barely misses you.
The ball python closely misses you.
You scratch the ball python.
You kill the ball python!
Fedhas appreciates your contribution to the ecosystem.
You closely miss the adder. The adder misses you. The adder bites you.
You are poisoned.
The adder poisons you! 😕 HP[-1]
You take 1 damage, and now have 13/16 hp.
Unknown command.
Unknown command.
You miss the adder.
You feel sick.
The kobold hits you with a +0 short sword.
The adder bites you.
* * * LOW HITPOINT WARNING * * *
😨 HP[-7]
You take 7 damage, and now have 6/16 hp.
MASSIVE DAMAGE!! (PAUSE)
You closely miss the adder.
You feel sick. The adder bites you.
* * * LOW HITPOINT WARNING * * *
The kobold barely misses you. 😱 HP[-5]
You take 5 damage, and now have 1/16 hp.
MASSIVE DAMAGE!! (PAUSE)
You scratch the adder.
You die...
You feel sick. The adder bites you.
You are more poisoned.
The adder poisons you! The kobold closely misses you.
You rejoin the land of the living...
Found 14 gold pieces.
Found a stone staircase leading down. 😎 HP[+15]
Your hp is fully restored (16).
Are you sure you want to abandon this character and quit the game? (Confirm with "yes".)

Skill      XL: |  1  2 |
---------------+-------+-----
Dodging        | 1 |  1.1
Stealth        | 1 3 |  3.5
Fighting       | |  2.0
Unarmed Combat | |  1.3
Spellcasting   | |  1.0
Translocations | |  5.8
Evocations     | |  2.1

Action                     || total
---------------------------++-------
  Melee: Unarmed           ||    87
         Bite              ||     3
    Use: Scroll            ||     1
 Armour: Skin              ||    31
  Dodge: Dodged            ||    76

Levels and vault maps discovered:
D:1:      dpeg_arrival_arbitrary_b, layout_rooms,
          hellmonk_ecumenical_altar_heavens_door, serial_shops,
          nicolae_shop_tiny_statue_garden, shop
D:2:      layout_basic, serial_rivers, chequers_serial_rivers_small_b,
          chequers_serial_rivers_micro_d, chequers_serial_rivers_small_3,
          chequers_serial_rivers_small_3, minmay_tetromino_l4

Notes
Turn   | Place    | Note
-------+----------+-------------------------------------------
     0 | D:1      | MackTheKnife the Felid Wanderer began the quest for the
                  | Orb.
     0 | D:1      | MackTheKnife set off with the following items: a scroll of
                  | silence {!r}, a scroll of fog, a potion of heal wounds
                  | {@q2}; and the following spell memorised: Apportation; and
                  | the following spells available to memorise: Iskenderun's
                  | Mystic Blast, Vhi's Electric Charge.
     0 | D:1      | Reached XP level 1. HP: 9/9 MP: 3/3
     0 | D:1      | magus.rc [v1.9.6]
    43 | D:1      | Reached skill level 1 in Dodging
   129 | D:1      | Reached skill level 1 in Stealth
   156 | D:1      | Reached XP level 2. HP: 13/13 MP: 4/4
   166 | D:1      | Reached skill level 2 in Stealth
   394 | D:1      | Reached skill level 3 in Stealth
   408 | D:1      | Reached XP level 3. HP: 14/16 MP: 5/5
   455 | D:1      | Found Komaen's Magic Scroll Shop.
   459 | D:1      | Found Moaduwy's Antique Weapon Boutique.
   464 | D:1      | Bought a scroll of identify for 24 gold pieces
   571 | D:1      | Found a faded altar of an unknown god.
   576 | D:1      | Prayed at the altar of an unknown god.
   576 | D:1      | Became a worshipper of Fedhas Madash
   576 | D:1      | Reached * piety under Fedhas
   632 | D:2      | HP: 1/16 [adder (4)]
   633 | D:2      | Succumbed to an adder's poison
   634 | D:2      | Quit the game

Vanquished Creatures
  A dart slug (D:1)
  An endoplasm (D:1)
  2 giant cockroaches
  6 goblins (D:1)
  2 hobgoblins (D:1)
  2 kobolds (D:1)
  A quokka (D:1)
  4 ball pythons
  5 bats
  A frilled lizard (D:1)
  3 rats (D:1)
28 creatures vanquished.

Table legend:
 A = Non-vault XP
 B = Vault XP
 C = Vault XP percentage of total XP
 D = Non-vault monster count
 E = Vault monster count
 F = Vault count percentage of total count
                 A         B        C        D         E       F
            +---------+---------+-------+---------+---------+-------
      Total |      46 |       0 |   0.0 |      28 |       0 |   0.0
            +---------+---------+-------+---------+---------+-------
        D:1 |      41 |       0 |   0.0 |      25 |       0 |   0.0
        D:2 |       5 |       0 |   0.0 |       3 |       0 |   0.0
            +---------+---------+-------+---------+---------+-------

Skill      XL: |  1  2 |
---------------+-------+-----
Dodging        | 1 |  1.1
Stealth        | 1 3 |  3.5
Fighting       | |  2.0
Unarmed Combat | |  1.3
Spellcasting   | |  1.0
Translocations | |  5.8
Evocations     | |  2.1

Action                     || total
---------------------------++-------
  Melee: Unarmed           ||    87
         Bite              ||     3
    Use: Scroll            ||     1
 Armour: Skin              ||    31
  Dodge: Dodged            ||    76

Illustrated notes

Table legend:
 A = Kills in this place as a percentage of kills in the entire game.
 B = Kills by you in this place as a percentage of kills by you in the entire game.
 C = Kills by friends in this place as a percentage of kills by friends in the entire game.
 D = Other kills in this place as a percentage of other kills in the entire game.
 E = Experience gained in this place as a percentage of experience gained in the entire game.
 F = Experience gained in this place divided by the number of levels of this place that you have seen.
                   A       B       C       D       E      F
               +-------+-------+-------+-------+-------+----------------------
         Total | 100.0 | 100.0 |   N/A |   N/A | 100.0 |  23.0
       Dungeon | 100.0 | 100.0 |   N/A |   N/A | 100.0 |  23.0
               +-------+-------+-------+-------+-------+----------------------

Table legend: (Time is in decaauts)
 A = Elapsed time spent in this place.
 B = Non-inter-level travel time spent in this place.
 C = Inter-level travel time spent in this place.
 D = Time resting spent in this place.
 E = Time spent auto-exploring this place.
 F = Levels seen in this place.
 G = Mean time per level.
                   A        B        C        D        E       F      G
               +--------+--------+--------+--------+--------+-----+--------+
         Total |    536 |    508 |     28 |     39 |    305 |   2 |  268.0 |
       Dungeon |    536 |    508 |     28 |     39 |    305 |   2 |  268.0 |
               +--------+--------+--------+--------+--------+-----+--------+

Top non-repeatable levels by time:
     D:1: 515 daAuts
     D:2: 21 daAuts
